 Dungeon Sprint DCSS version 0.22-a0-567-gff9aefc (webtiles) character file.

114 galech the Ruffian (level 4, -4/49 HPs)
             Began as a Troll Monk on June 29, 2018.
             Killed from afar by a deep elf mage (10 damage)
             ... with a bolt of lightning
             ... in the Dungeon (Sprint III: "The Ten Rune Challenge").
             The game lasted 00:01:21 (158 turns).

galech the Ruffian (Troll Monk)                      Turns: 158, Time: 00:01:21

Health: -4/49      AC:  5    Str: 20    XL:     4   Next: 66%
Magic:  3/3        EV: 12    Int:  6    God:
Gold:   21         SH:  0    Dex: 12    Spells: 3/3 levels left

rFire    . . .     SeeInvis .     - Unarmed
rCold    . . .     Gourm    +   (no shield)
rNeg     . . .     Faith    .   a - +0 robe
rPois    +         Spirit   .   (helmet restricted)
rElec    +         Reflect  .   (no cloak)
rCorr    .         Harm     .   (gloves unavailable)
MR       +....     NoTele   +   (boots unavailable)
Stlth    ++........             (no amulet)
HPRegen  0.56/turn              (no ring)
MPRegen  0.08/turn              (no ring)

@: no status effects
A: large, unfitting armour, claws 3, fast metabolism 3, gourmand, magic
resistance 1, poison resistance, regeneration 1, shaggy fur 1, electricity
resistance, tough skin 2
a: no special abilities


You were in the Dungeon.
You were not hungry.

You visited 1 branch You collected 21 gold pieces.

Inventory:

Armour
 a - a +0 robe (worn)
Scrolls
 h - a scroll of blinking
 i - a scroll of torment {unknown}
 j - 3 scrolls of identify
 k - a scroll of magic mapping {unknown}
 m - a scroll of holy word {unknown}
 n - a scroll of remove curse {unknown}
Potions
 c - 2 potions of curing
 d - a potion of heal wounds
 e - a potion of haste
 f - 2 potions of magic
 g - a potion of berserk rage
 l - 3 potions of flight
 o - a potion of mutation
Comestibles
 b - 4 rations


   Skills:
 + Level 4.7 Fighting
 + Level 4.9 Dodging
 + Level 1.6 Stealth
 + Level 6.2 Unarmed Combat


You had 3 spell levels left.
You didn't know any spells.
Your spell library was empty.

Dungeon Overview and Level Annotations

Branches:
Dungeon (1/1)

Altars:
Elyvilon
Zin
The Shining One


Innate Abilities, Weirdness & Mutations

You are too large for most types of armour.
You have claws for hands.
Your metabolism is lightning-fast.
You like to eat raw meat.
Your natural rate of healing is unusually fast.
You are covered in fur. (AC +1)
You have very tough skin. (AC +2)
You are resistant to hostile enchantments. (MR+)
Your system is resistant to poisons. (rPois)
You are resistant to electric shocks. (rElec)


Message History

You are too injured to fight recklessly!
You are too injured to fight recklessly!
You are too injured to fight recklessly!
You are too injured to fight recklessly!
You are too injured to fight recklessly!
You are too injured to fight recklessly!
You closely miss the deep elf mage.
The deep elf mage is heavily wounded.
The deep elf mage gestures wildly while chanting.
The deep elf mage blinks!
The deep elf mage points at you and mumbles some strange words.
The bolt of lightning hits you! You resist.
* * * LOW HITPOINT WARNING * * *
The deep elf mage hits you with a long sword of holy wrath!
* * * LOW HITPOINT WARNING * * *
You barely miss the deep elf mage.
The deep elf mage is heavily wounded.
The deep elf mage casts a spell at you. The bolt of lightning hits you!
You resist.
You die...

▓▓▓▓ ▓▓▓ ...#### ##.#####
......#####..#___#
.....).#..#..#...#
#.##...#..#..###'#+###+##
#.###..##'#..#..........#
##.##..###...'.⌠........#
..##..####...#..@######+#
..##..###....#.e.#
.##...##.....#...#
##....#......#+###
##..##.#.....#
#..#####....# ▓▓▓▓ ▓▓▓▓▓▓


You could see a deep elf mage.

Vanquished Creatures
  A water elemental (D)
  Jessica (D)
  A human (D)
  An ooze (D)
  A phantom (D)
  2 rats (D)
7 creatures vanquished.

Vanquished Creatures (others)
  A yaktaur (D)
  6 hellions (D)
7 creatures vanquished.

Grand Total: 14 creatures vanquished

Notes
Turn   | Place    | Note
-------+----------+-------------------------------------------
     0 | D        | galech the Troll Monk began the quest for the Orb.
     0 | D        | Reached XP level 1. HP: 22/22 MP: 0/0
    27 | D        | Noticed Jessica
    35 | D        | Killed Jessica
    35 | D        | Reached skill level 4 in Unarmed Combat
    35 | D        | Reached XP level 2. HP: 32/32 MP: 1/1
    35 | D        | Reached XP level 3. HP: 39/39 MP: 2/2
    66 | D        | Killed a hellion
    76 | D        | Reached skill level 5 in Unarmed Combat
    87 | D        | Killed a yaktaur
    97 | D        | Noticed a water elemental
   102 | D        | Killed a water elemental
   102 | D        | Reached skill level 6 in Unarmed Combat
   102 | D        | Reached XP level 4. HP: 24/49 MP: 3/3
   104 | D        | Killed a hellion
   105 | D        | Killed a hellion
   106 | D        | Killed a hellion
   107 | D        | Killed a hellion
   128 | D        | Killed a hellion
   129 | D        | Gained mutation: You occasionally shout uncontrollably at your foes. [potion of mutation]
   129 | D        | Gained mutation: You have large cloven feet. [potion of mutation]
   130 | D        | Lost mutation: You have large cloven feet. [potion of mutation]
   130 | D        | Lost mutation: You occasionally shout uncontrollably at your foes. [potion of mutation]
   130 | D        | Gained mutation: Your body sometimes deteriorates upon taking damage. [potion of mutation]
   130 | D        | Gained mutation: You have large cloven feet. [potion of mutation]
   130 | D        | Gained mutation: Scrolls take you a little longer to read. [potion of mutation]
   130 | D        | Lost mutation: Scrolls take you a little longer to read. [potion of mutation]
   131 | D        | Gained mutation: Your spells are a little harder to cast, but a little more powerful. [potion of mutation]
   131 | D        | Gained mutation: You are robust. (+10% HP) [potion of mutation]
   131 | D        | Gained mutation: You are resistant to electric shocks. (rElec) [potion of mutation]
   140 | D        | Found a glowing silver altar of Zin.
   141 | D        | Lost mutation: Your spells are a little harder to cast, but a little more powerful. [potion of mutation]
   141 | D        | Lost mutation: You have large cloven feet. [potion of mutation]
   141 | D        | Lost mutation: You are robust. (+10% HP) [potion of mutation]
   141 | D        | Lost mutation: Your body sometimes deteriorates upon taking damage. [potion of mutation]
   141 | D        | Gained mutation: You are resistant to hostile enchantments. (MR+) [potion of mutation]
   141 | D        | Gained mutation: Your system is resistant to poisons. (rPois) [potion of mutation]
   142 | D        | Found a glowing golden altar of the Shining One.
   142 | D        | Found a white marble altar of Elyvilon.
   142 | D        | Noticed a deep elf mage
   158 | D        | Killed from afar by a deep elf mage

Vault maps used:
D:        dungeon_sprint_mu

Skill      XL: |  1  2  3 |
---------------+----------+-----
Fighting       | 3 4 |  4.7
Dodging        | 3 4 |  4.9
Unarmed Combat | 4 6 |  6.2
Stealth        | |  1.6

Action                   |  1- 3 |  4- 6 || total
-------------------------+-------+-------++-------
Melee: Unarmed           |    21 |    10 ||    31
       Punch             |     1 |     1 ||     2
  Use: Potion            |       |     4 ||     4
 Stab: Sleeping          |     1 |       ||     1
  Eat: Chunk             |     2 |       ||     2
Armor: Robe              |     4 |     1 ||     5
Dodge: Dodged            |     9 |     1 ||    10

Table legend:
 A = Spawn XP
 B = Non-spawn XP
 C = Spawn XP percentage of total XP
 D = Spawn monster count
 E = Non-spawn monster count
 F = Spawn count percentage of total count
 G = Total turns spent on level
                    A         B        C        D         E        F      G
               +---------+---------+-------+---------+---------+-------+---------
         Total |       0 |     163 |   0.0 |       0 |       7 |   0.0 |   158
               +---------+---------+-------+---------+---------+-------+---------
             D |       0 |     163 |   0.0 |       0 |       7 |   0.0 |   158
               +---------+---------+-------+---------+---------+-------+---------
